 Dungeon Crawl Stone Soup version 0.31-a0-636-ge1c0e020e0 (webtiles) character file.

Game seed: 8630726885010078875

202 Descartes the Ducker (level 5, -9/23 HPs)
             Began as a Felid Shapeshifter on Aug 26, 2023.
             Mangled by an iguana (14 damage)
             ... on level 3 of the Dungeon.
             The game lasted 00:03:33 (2650 turns).

Descartes the Ducker (Felid Shapeshifter)           Turns: 2650, Time: 00:03:34

Health: -9/23      AC:  1    Str: 12    XL:     5   Next: 50%
Magic:  6/6        EV: 18    Int: 11    God:
Gold:   169        SH:  0    Dex: 16    Spells: 4/4 levels left
                                        Lives:  0   Deaths: 2

rFire   . .          .
                       - Unarmed
rCold   . . .        (shield unavailable)
rNeg    . . .        (body armour unavailable)
rPois   .            (helmet unavailable)
rElec   .            (cloak unavailable)
rCorr   .            (gloves unavailable)
SInv    +            (boots unavailable)
Will    .....        (no amulet)
Stlth   ++           (no ring)
HPRegen 0.23/turn    (no ring)
MPRegen 0.10/turn

%: no passive effects
@: beast-form, quick
A: beast (slay +2), very small, claws 1, fangs 3, see invisible, speed 1, shaggy
fur 1, stealthy paws, no weapons or thrown items, no armour, multi-lived
a: Begin Untransformation


You were on level 3 of the Dungeon.
You were a hulking beast.
You visited 1 branch of the dungeon, and saw 4 of its levels.

You collected 169 gold pieces.

Inventory:

Talismans
 b - a beast talisman (active)
 c - a flux talisman
 l - a flux talisman
Wands
 m - a wand of flame (31)
 s - a wand of paralysis (7)
Scrolls
 d - 2 scrolls of enchant armour {unknown}
 e - 3 scrolls of identify {unknown}
 h - 2 scrolls of teleportation {unknown}
 i - a scroll of revelation {unknown}
 j - a scroll of acquirement {unknown}
 k - 2 scrolls of immolation {unknown}
 o - a scroll of fog {unknown}
 p - 2 scrolls of poison {unknown}
 q - a scroll of noise {unknown}
 t - a scroll of blinking {unknown}
Potions
 a - a potion of enlightenment {unknown}
 n - a potion of curing


   Skills:
 + Level 2.5 Fighting
 + Level 4.1 Dodging
 + Level 3.2 Stealth
 + Level 3.8 Unarmed Combat
 + Level 4.1 Shapeshifting


You had 4 spell levels left.
You didn't know any spells.
Your spell library contained the following spells:

 Spells                   Type           Power      Damage    Failure   Level
 Necrotise                Necr           0%         1d4       34%         1
 Vampiric Draining        Necr           0%         2d6       71%         3
 Cause Fear               Hex            0%         N/A       98%         4
 Agony                    Necr           0%         N/A       100%        5
 Fireball                 Conj/Fire      0%         3d3       100%        5
 Dragon's Call            Summ           0%         N/A       100%        9


Dungeon Overview and Level Annotations

Branches:
Dungeon (4/15)
 Temple: D:4-7

Altars:

Shops:
D:2 [   D:3 [

Annotations:
D:4 Edmund


Innate Abilities, Weirdness & Mutations

You are a hulking beast.
Your limbs bulge with bestial killing power. (Slay +2)
You have sharp claws.
You have razor-sharp teeth.
You have supernaturally acute eyesight. (SInv)
You cover ground quickly. (Speed+)
You are covered in fur. (AC +1)
Your paws help you pounce on unaware monsters.
You are incapable of wielding weapons or throwing items.
You cannot wear armour.
You gain extra lives every three experience levels.


Message History

Found a stone staircase leading down.
There is a stone staircase leading up here.
Found a silvery potion.
The iguana hisses angrily.
You scratch the iguana.
The iguana is lightly wounded.
A hound comes into view.
The iguana completely misses you.
The hound barks!
You scratch the iguana.
The iguana is moderately wounded.
The iguana bites you.
You closely miss the iguana.
The iguana is lightly wounded.
The iguana bites you!
Ouch! That really hurt!
* * * LOW HITPOINT WARNING * * *
You are too injured to fight recklessly!
You are too injured to fight recklessly!
You are too injured to fight recklessly!
You are too injured to fight recklessly!
You are too injured to fight recklessly!
You are too injured to fight recklessly!
You are too injured to fight recklessly!
You are too injured to fight recklessly!
You are too injured to fight recklessly!
You are too injured to fight recklessly!
You are too injured to fight recklessly!
You are too injured to fight recklessly!
You are too injured to fight recklessly!
You are too injured to fight recklessly!
The iguana attacks as it pursues you! The iguana barely misses you.
There is a stone staircase leading up here.
You climb upwards.
There is a stone staircase leading down here.
You claw the iguana!
The iguana is severely wounded.
The iguana bites you!
Ouch! That really hurt!
You die...

....# ###.# #.# #.# #####
#.###### #.∩.# ###.#....#
#..## ....#.##.# #..#
#####)##.######### #..#
...............lh# #..#
#...#.#........#.#########..##
#.#.#.#..#####.#.#...[.......#
#.#.#.#..........#.########.##
#...#.#.######.#.#.#......#.#
###.#.#........#.#.#.####.#.#
..#...#..#######.#.#.# #.#.#
#.#.###..#<......#.#.# #<#.#
#.#'###..##.#.##.#.#.# #.#.#


You could see an iguana.

Vanquished Creatures
  Ijyb (D:3)
  2 orc wizards (D:3)
  Robin (D:3)
  An adder (D:2)
  2 worms (D:2)
  3 dart slugs (D:2)
  8 orcs (D:3)
  4 ball pythons
  8 endoplasms
  7 giant cockroaches
  18 goblins
  6 hobgoblins
  3 jackals (D:1)
  4 kobolds
  2 quokkas
  5 bats
  2 frilled lizards (D:1)
  2 rats (D:1)
79 creatures vanquished.

Notes
Turn   | Place    | Note
-------+----------+-------------------------------------------
     0 | D:1      | Descartes the Felid Shapeshifter began the quest for the
                  | Orb.
     0 | D:1      | Reached XP level 1. HP: 9/9 MP: 2/2
   114 | D:1      | Succumbed to a goblin's poison
   140 | D:1      | Reached XP level 2. HP: 12/12 MP: 3/3
   148 | D:1      | Found a faded altar of an unknown god.
   163 | D:1      | Reached skill level 1 in Stealth
   758 | D:1      | Reached XP level 3. HP: 15/15 MP: 4/4
  1403 | D:2      | Reached XP level 4. HP: 19/19 MP: 5/5
  1627 | D:2      | Found Evut's Antique Armour Shop.
  1709 | D:3      | Noticed Ijyb
  1713 | D:3      | Killed Ijyb
  1841 | D:3      | Noticed Robin
  1849 | D:3      | Reached XP level 5. HP: 7/22 MP: 6/6
  1856 | D:3      | HP: 1/33 [goblin/+0 dagger[Robin] (2)]
  1859 | D:3      | Killed Robin
  1860 | D:3      | Slain by a goblin
  2439 | D:3      | Found Zohiugg's Antique Armour Shop.
  2550 | D:4      | Noticed Edmund
  2650 | D:3      | Mangled by an iguana

Illustrated notes

Levels and vault maps discovered:
D:1:      wander_arrival_peaceful_grave, layout_basic,
          shapermc_ecumenical_altar_totnotflames, minivault_25,
          palyth_stone_intersect
D:2:      layout_loops_cross, serial_shops, shop
D:3:      layout_basic, serial_shops, shop, uniq_robin, uniq_ijyb
D:4:      layout_rooms, uniq_edmund

Skill      XL: |  1  2  3  4  5 |
---------------+----------------+-----
Stealth        | 1 2 3 |  3.2
Dodging        | 3 4 |  4.1
Fighting       | 2 |  2.5
Shapeshifting  | 4 |  4.1
Unarmed Combat | |  3.8

Action                     |  1- 3 |  4- 6 || total
---------------------------+-------+-------++-------
  Melee: Unarmed           |    92 |    80 ||   172
         Bite              |    12 |    10 ||    22
         Punch             |     1 |       ||     1
    Use: Potion            |       |     7 ||     7
   Stab: Sleeping          |     7 |     3 ||    10
 Armour: Skin              |     3 |    57 ||    60
  Dodge: Dodged            |    56 |    68 ||   124

Table legend: (Time is in decaauts)
 A = Elapsed time spent in this place.
 B = Non-inter-level travel time spent in this place.
 C = Inter-level travel time spent in this place.
 D = Time resting spent in this place.
 E = Time spent auto-exploring this place.
 F = Levels seen in this place.
 G = Mean time per level.
                   A        B        C        D        E       F      G
               +--------+--------+--------+--------+--------+-----+--------+
         Total |   2242 |   2164 |     78 |      0 |   1763 |   4 |  560.5 |
       Dungeon |   2242 |   2164 |     78 |      0 |   1763 |   4 |  560.5 |
               +--------+--------+--------+--------+--------+-----+--------+

Top non-repeatable levels by time:
     D:1: 866 daAuts
     D:3: 797 daAuts
     D:2: 559 daAuts
     D:4: 19 daAuts
